 Dungeon Crawl Stone Soup version 0.22-a0-480-g991dd4b (webtiles) character file.

7144 Darkshadow the Basher (level 10, -3/96 HPs)
             Began as a Minotaur Berserker on June 14, 2018.
             Was a High Priest of Trog.
             Slain by a vampire (6 damage)
             ... on level 12 of the Dungeon.
             The game lasted 00:38:17 (10480 turns).

Darkshadow the Basher (Minotaur Berserker)         Turns: 10480, Time: 00:38:18

Health: -3/96      AC: 12    Str: 26    XL:     10   Next: 85%
Magic:  9/9        EV:  6    Int:  4    God:    Trog [*****.]
Gold:   451        SH: 20    Dex:  9    Spells: 9/9 levels left

rFire    . . .     SeeInvis .   a - +1 morningstar
rCold    . . .     Gourm    .   r - +0 large shield
rNeg     . . .     Faith    .   M - +0 chain mail
rPois    .         Spirit   .   (helmet restricted)
rElec    .         Reflect  +   K - +1 cloak {+Inv}
rCorr    .         Harm     .   (no gloves)
MR       ++...                  A - +0 pair of boots
Stlth    ..........             v - +3 amulet of reflection
HPRegen  1.26/turn              G - ring of flight
MPRegen  0.11/turn              g - ring of stealth

@: berserk cooldown, regenerating, slowed, very slow
A: retaliatory headbutt, horns 2
a: Berserk, Trog's Hand, Brothers in Arms, Renounce Religion, Evoke
Invisibility, Evoke Flight


You were on level 12 of the Dungeon.
You worshipped Trog.
Trog was extremely pleased with you.
You were near starving.

You visited 1 branch of the dungeon, and saw 11 of its levels.

You collected 612 gold pieces.
You spent 161 gold pieces at shops.

Inventory:

Hand Weapons
 a - a +1 morningstar (weapon)
 b - a +0 hunting sling
 s - a cursed -3 club
 t - a +0 mace
 L - a +3 quarterstaff of chaos
Missiles
 d - 75 sling bullets
 q - 262 stones (quivered)
 H - a throwing net
Armour
 n - a +0 animal skin
 p - a +0 scale mail
 r - a +0 large shield (worn)
 u - a +0 scale mail
 A - a +0 pair of boots (worn)
 K - a +1 cloak of invisibility (worn)
 M - a +0 chain mail (worn)
Jewellery
 g - a ring of stealth (right hand)
 v - a +3 amulet of reflection (around neck)
 C - an uncursed ring of stealth
 G - a ring of flight (left hand)
 I - a +5 ring of intelligence
 O - an uncursed ring of resist corrosion {unknown}
 Q - an uncursed ring of resist corrosion {unknown}
Wands
 w - a wand of iceblast (10)
 x - a wand of acid (3)
 B - a wand of paralysis (5)
 E - a wand of enslavement (8)
 J - a wand of random effects (29)
 N - a wand of scattershot (5)
 P - a wand of disintegration (15)
Scrolls
 i - 3 scrolls of remove curse {@r2}
 k - a scroll of enchant weapon
 o - 3 scrolls of amnesia
 y - a scroll of fear
 z - a scroll of teleportation
 R - a scroll of identify {@r1}
Potions
 e - 5 potions of curing {@q1}
 h - 3 potions of flight
 j - a potion of ambrosia
 l - a potion of berserk rage
 m - a potion of cancellation
 D - a potion of heal wounds {unknown}
 F - a potion of brilliance {unknown}
Comestibles
 c - 12 rations
 S - a chunk of flesh


   Skills:
 + Level 11.5 Fighting
 * Level 13.9 Maces & Flails
 - Level 2.7 Armour
 - Level 2.5 Dodging
 + Level 8.5 Shields


You had 9 spell levels left.
You didn't know any spells.
Your spell library was empty.

Dungeon Overview and Level Annotations

Branches:
Dungeon (12/15)            Temple (0/1) D:6             Orc (0/2) D:9
   Lair: D:8-11

Altars:
Cheibriados
Dithmenos
Fedhas
Nemelex Xobeh
Vehumet
Xom

Shops:
D:7 *[%


Innate Abilities, Weirdness & Mutations

You reflexively headbutt those who attack you in melee.
You have a pair of horns on your head.


Message History

You hear the faint crackling of a distant melting archway.
You block something's attack. Something bites you.
* * * LOW HITPOINT WARNING * * *
Something draws strength from your injuries!
You barely miss something. Something hits you.
* * * LOW HITPOINT WARNING * * *
Something bites you but does no damage.
Okay, then.
Okay, then.
Your shield prevents you from hitting something.
You headbutt something! Something hits you.
* * * LOW HITPOINT WARNING * * *
You block something's attack. Something hits you but does no damage.
You block something's attack.
You hit something. You headbutt something.
Something hits you but does no damage. Something bites you but does no damage.
Something hits you!
* * * LOW HITPOINT WARNING * * *
Something bites you.
You die...

************ #.....#...........
,,,,,,,,,,,* #.....#...........
,,,,,,,,,,,* #.....#...........
,,,,,,,,,,,* #.....#...........
,,,,,,,,,,,* #.....##...######.
,,,,,,,,,..#####.....##...#####*#
,,,,,,,,,...........)).[........,
,,,,,,,,,,,,####...))###########*
*******+*,,,,*#.@....#,,,,,,,,,,*
*,,,,,*,,.......{......#*******,*
,,,,,,,,*#######'#........,,,**,*
*,,,,,*,*,,*,,*..#.....###**,**,*
*,,,,,*,*,,+,,*$.#.....# *,**,*
*,,,,,,,**+**+#'##.....# *,*,<,
*,,,,,,,*,,*,,#.,#.....# *,*,,,
*******,*,,*,,#.,*,,...# *,,,,, *
*,**+****+**,,,,,*******,,,


There were no monsters in sight!

Vanquished Creatures
  Erica (D:8)
  A two-headed ogre (D:8)
  The ghost of phirt the Martial Artist, a novice OpMo (D:6)
  Psyche (D:8)
  Grinder (D:3)
  A hippogriff (D:7)
  Sigmund (D:2)
  The ghost of bogs101 the Magician, an amateur DEWz of Vehumet (D:5)
  A human (D:9)
  Grum (D:8)
  A water moccasin (D:7)
  Duvessa (D:7)
  4 sky beasts
  2 ice beasts
  4 orc warriors
  A phantom (D:5)
  4 necrophages (D:7)
  3 wolves (D:8)
  5 ogres
  5 centaurs
  A big kobold (D:9)
  A bullfrog (D:6)
  A gnoll sergeant (D:6)
  A scorpion (D:8)
  Dowan (D:7)
  3 crimson imps
  A centaur zombie (D:7)
  A bullfrog zombie (D:7)
  2 hounds
  2 bullfrog skeletons
  2 centaur skeletons
  6 orc priests
  Crazy Yiuf (D:7)
  Jessica (D:3)
  3 worker ants
  Ijyb (D:5)
  Natasha (twice) (D:3)
  2 iguanas
  6 orc wizards
  2 hound zombies
  A hound skeleton (D:8)
  2 worker ant zombies (D:5)
  9 gnolls
  10 adders
  2 shadow imps
  An ooze (D:1)
  An adder skeleton (D:7)
  5 worms
  A dart slug (D:1)
  4 leopard geckos
  28 orcs
  2 ball pythons
  5 giant cockroaches
  8 goblins
  4 hobgoblins (D:2)
  13 jackals
  3 quokkas
  7 bats
  6 frilled lizards
  12 kobolds
  A quokka zombie (D:7)
  7 rats
  2 bushes (D:7)
214 creatures vanquished.

Vanquished Creatures (others)
  4 plants (D:7)
4 creatures vanquished.

Grand Total: 218 creatures vanquished

Notes
Turn   | Place    | Note
-------+----------+-------------------------------------------
     0 | D:1      | Darkshadow the Minotaur Berserker began the quest for the Orb.
     0 | D:1      | Reached XP level 1. HP: 19/19 MP: 0/0
   156 | D:1      | Reached XP level 2. HP: 27/27 MP: 1/1
   553 | D:1      | Found a glowing golden altar of the Shining One.
   562 | D:1      | Found a hide-covered altar of Uskayaw.
   562 | D:1      | Found an ornate altar of the Wu Jian Council.
   573 | D:1      | Found a shimmering altar of Xom.
   573 | D:1      | Found a burning altar of Makhleb.
   573 | D:1      | Found a sacrificial altar of Ru.
   680 | D:1      | Reached skill level 4 in Maces & Flails
   830 | D:1      | Reached XP level 3. HP: 31/33 MP: 2/2
  1828 | D:2      | Noticed Sigmund
  1837 | D:2      | Killed Sigmund
  1837 | D:2      | Reached ** piety under Trog
  1837 | D:2      | Reached skill level 5 in Fighting
  1837 | D:2      | Reached skill level 5 in Maces & Flails
  1837 | D:2      | Reached XP level 4. HP: 44/44 MP: 3/3
  1837 | D:2      | Reached XP level 5. HP: 50/50 MP: 4/4
  1990 | D:2      | Reached skill level 6 in Maces & Flails
  2287 | D:3      | Reached XP level 6. HP: 34/57 MP: 5/5
  2770 | D:3      | Noticed Jessica
  2838 | D:3      | Killed Jessica
  3053 | D:3      | Noticed Natasha
  3063 | D:3      | Killed Natasha
  3435 | D:3      | Noticed Natasha
  3447 | D:3      | Killed Natasha
  3639 | D:3      | You fall through a shaft!
  3810 | D:3      | Noticed Grinder
  3821 | D:3      | Killed Grinder
  3821 | D:3      | Reached skill level 7 in Maces & Flails
  3821 | D:3      | Reached XP level 7. HP: 9/66 MP: 6/6
  4279 | D:4      | Found a sparkling altar of Nemelex Xobeh.
  4609 | D:4      | Found a shadowy altar of Dithmenos.
  4980 | D:4      | Reached skill level 8 in Maces & Flails
  5257 | D:5      | Entered Level 5 of the Dungeon
  5273 | D:5      | Noticed bogs101's ghost (amateur DEWz)
  5282 | D:5      | Reached skill level 1 in Shields
  5287 | D:5      | Killed bogs101's ghost
  5287 | D:5      | Reached XP level 8. HP: 75/75 MP: 7/7
  5417 | D:5      | Reached skill level 9 in Maces & Flails
  5694 | D:5      | Noticed Ijyb
  5707 | D:5      | Killed Ijyb
  6000 | D:6      | Noticed phirt's ghost (novice OpMo)
  6001 | D:6      | Reached *** piety under Trog
  6326 | D:6      | Reached skill level 10 in Maces & Flails
  6411 | D:6      | Found a staircase to the Ecumenical Temple.
  6478 | D:6      | Killed phirt's ghost
  6478 | D:6      | Reached XP level 9. HP: 66/83 MP: 8/8
  7247 | D:7      | Found Zuvusyop's Assorted Antiques.
  7256 | D:7      | Bought 2 potions of curing for 138 gold pieces
  7256 | D:7      | Bought a scroll labeled GUNWURUCK for 23 gold pieces
  7362 | D:7      | Noticed Dowan
  7363 | D:7      | Noticed Duvessa
  7371 | D:7      | Killed Dowan
  7374 | D:7      | Killed Duvessa
  7374 | D:7      | Reached skill level 5 in Shields
  7462 | D:7      | Reached skill level 11 in Maces & Flails
  7546 | D:7      | Found a blossoming altar of Fedhas.
  7588 | D:7      | Found Ezuijas's Armour Boutique.
  7822 | D:7      | Found Vuguc's Food Boutique.
  7970 | D:7      | Reached skill level 10 in Fighting
  8014 | D:7      | Found a runed door.
  8018 | D:7      | Noticed Crazy Yiuf
  8025 | D:7      | Killed Crazy Yiuf
  8234 | D:7      | Reached skill level 12 in Maces & Flails
  8358 | D:8      | Noticed Erica
  8375 | D:8      | Killed Erica
  8375 | D:8      | Reached XP level 10. HP: 39/94 MP: 9/9
  8820 | D:8      | Noticed a two-headed ogre
  8825 | D:8      | Killed a two-headed ogre
  9027 | D:8      | Reached **** piety under Trog
  9096 | D:8      | Noticed Psyche
  9102 | D:8      | Killed Psyche
  9102 | D:8      | Reached skill level 13 in Maces & Flails
  9247 | D:8      | Noticed Grum
  9258 | D:8      | Killed Grum
  9797 | D:9      | Found a staircase to the Orcish Mines.
 10140 | D:9      | Found a snail-covered altar of Cheibriados.
 10140 | D:9      | Found a radiant altar of Vehumet.
 10271 | D:10     | Entered Level 10 of the Dungeon
 10429 | D:10     | You fall through a shaft for 2 floors!
 10448 | D:12     | Reached ***** piety under Trog
 10480 | D:12     | HP: 3/96 [something (9)]
 10480 | D:12     | Slain by a vampire

Vault maps used:
D:1:      matt_arrival_spirals, minivault_11, doesnt_xom_only_xom
D:2:      minmay_pentomino_p4, uniq_sigmund
D:3:      uniq_grinder, uniq_jessica, uniq_natasha
D:4:      nemelex_xobeh_ov_fountains_minmay, lemuel_coloured_pillars_altar
D:5:      first_ration, uniq_ijyb
D:6:      temple_pool_b, minmay_misc_feat_chi, grunt_ministairs_15
D:7:      serial_shops, shop, nicolae_shop_overgrown_old_shop, shop_statue,
          grunt_ogre_cave, fedhas_altar_decomposition, uniq_duvessa,
          uniq_crazy_yiuf_cottage
D:8:      uniq_erica, uniq_psyche, uniq_grum
D:9:      gammafunk_temple_overflow_pools, erik_orc_4, minivault_26
D:12:     gargoyle_guard, portal_ice_cave_entry_pillars_1, stair_cage_line,
          minivault_13

Skill      XL: |  1  2  3  4  5  6  7  8  9 10 |
---------------+-------------------------------+-----
Fighting       | 4 5 6 7 8 9 10 11 | 11.5
Maces & Flails | 4 5 6 7 8 10 12 13 | 13.9
Shields        | 2 4 6 8 |  8.5
Armour         | |  2.7
Dodging        | |  2.5

Action                   |  1- 3 |  4- 6 |  7- 9 | 10-12 || total
-------------------------+-------+-------+-------+-------++-------
Melee: Mace              |    82 |    95 |    12 |       ||   189
       Headbutt          |    11 |    16 |    55 |    31 ||   113
       Morningstar       |       |       |   218 |   180 ||   398
 Fire: Hunting sling     |       |       |    58 |    68 ||   126
Invok: Berserk           |     1 |     3 |     7 |     3 ||    14
       Trog's Hand       |       |     1 |     1 |     2 ||     4
  Use: Scroll            |       |       |    13 |     1 ||    14
       Potion            |       |       |       |     1 ||     1
 Stab: Sleeping          |     4 |       |     1 |       ||     5
  Eat: Chunk             |     3 |     7 |     6 |     6 ||    22
       Ration            |       |     1 |     4 |     1 ||     6
Armor: Animal skin       |    24 |     8 |     1 |       ||    33
       Scale mail        |       |       |    34 |     7 ||    41
       Chain mail        |       |       |       |    40 ||    40
Dodge: Dodged            |    69 |    60 |    36 |    17 ||   182
Block: Large shield      |       |       |   158 |   153 ||   311
       Reflection        |       |       |     6 |     5 ||    11

Table legend:
 A = Spawn XP
 B = Non-spawn XP
 C = Spawn XP percentage of total XP
 D = Spawn monster count
 E = Non-spawn monster count
 F = Spawn count percentage of total count
 G = Total turns spent on level
                    A         B        C        D         E        F      G
               +---------+---------+-------+---------+---------+-------+---------
         Total |       0 |   10206 |   0.0 |       0 |     212 |   0.0 | 10480
               +---------+---------+-------+---------+---------+-------+---------
           D:1 |       0 |      56 |   0.0 |       0 |      27 |   0.0 |  1200
           D:2 |       0 |     314 |   0.0 |       0 |      28 |   0.0 |  1066
           D:3 |       0 |     539 |   0.0 |       0 |      28 |   0.0 |  2067
           D:4 |       0 |     224 |   0.0 |       0 |       5 |   0.0 |  1096
           D:5 |       0 |    1004 |   0.0 |       0 |      20 |   0.0 |   820
           D:6 |       0 |     885 |   0.0 |       0 |      14 |   0.0 |   934
           D:7 |       0 |    1802 |   0.0 |       0 |      23 |   0.0 |  1549
           D:8 |       0 |    3552 |   0.0 |       0 |      26 |   0.0 |   828
           D:9 |       0 |    1139 |   0.0 |       0 |      32 |   0.0 |   711
          D:10 |       0 |     104 |   0.0 |       0 |       3 |   0.0 |   158
          D:12 |       0 |     587 |   0.0 |       0 |       6 |   0.0 |    51
               +---------+---------+-------+---------+---------+-------+---------
